[Event "Titled Tuesday Blitz June 27 Early 2023"]
[White "Sanhueza, Cristian"]
[Black "Li, Eric"]
[WhiteFideId "116815"]
[BlackFideId "30939941"]
[WhiteElo "2476"]
[BlackElo "2268"]
[Result "1-0"]
[Round "10"]
[TimeControl "180+2"]
[Date "2023.06.27"]
[WhiteClock "0:01:29"]
[BlackClock "0:01:55"]
[Board "95"]

1. e4 c5 2. Nf3 Nc6 3. d4 cxd4 4. Nxd4 g6 5. Nc3 Bg7 6. Be3 Nf6 7. Bc4 Qa5 8. O-O O-O 9. Bb3 d6 10. h3 Bd7 11. Re1 Rac8 12. Nd5 Rfe8 13. Bg5 Nxd5 14. Nxc6 bxc6 15. e5 dxe5 16. c4 Nb6 17. Bd2 Qa6 18. Qf3 Be6 19. c5 Nd5 20. Rac1 Qb7 21. h4 Nc7 22. Bc2 Bd5 23. Qg3 f5 24. h5 Kf7 25. Bc3 e4 26. Bxg7 Kxg7 27. Qe5+ Kf7 28. g4 e6 29. g5 Na8 30. Re3 Qe7 31. hxg6+ hxg6 32. Rh3 Qxg5+ 33. Kh2 Ke7 34. Rh7+ Kd8 35. Qd6# 1-0


[Site "https://www.chess.com"]

[Event "Titled Tuesday Blitz June 27 Early 2023"]
[White "Ruge, Edison"]
[Black "Herzog2012"]
[WhiteFideId "4401000"]
[WhiteElo "2234"]
[BlackElo "2471"]
[Result "0-1"]
[Round "10"]
[TimeControl "180+2"]
[Date "2023.06.27"]
[WhiteClock "0:00:05"]
[BlackClock "0:00:04"]
[Board "96"]

1. e4 c5 2. Nf3 Nc6 3. d3 e5 4. Nbd2 g6 5. g3 Bg7 6. Bg2 Nge7 7. h4 h6 8. O-O O-O 9. c3 d5 10. a3 Bg4 11. Qc2 a5 12. Re1 d4 13. cxd4 cxd4 14. Qc5 Rc8 15. Nc4 Nb4 16. axb4 Rxc5 17. bxc5 Nc6 18. Bd2 Qe7 19. Nxa5 Qxc5 20. Nxb7 Qb5 21. Nd6 Qxd3 22. Ra3 Qc2 23. Rc1 Qxb2 24. Nc4 Qb8 25. Ra6 Rc8 26. Nb6 Qb7 27. Nxc8 Qxa6 28. Rxc6 Qe2 29. Ne7+ Kh7 30. Nh2 Qd1+ 31. Nf1 Be2 32. Bb4 d3 33. Nd5 Qb3 34. Bd2 Qb2 35. Nde3 h5 36. Rc7 Kg8 37. Rc8+ Kh7 38. Rc7 Qa2 39. Bc3 Bh6 40. Nd2 Bg7 41. Nf3 f6 42. Nxe5 fxe5 43. Bxe5 Qb1+ 44. Kh2 d2 45. Rxg7+ Kh6 46. Rd7 d1=Q 47. Bf4+ g5 48. Nf5+ Kg6 49. Rg7+ Kf6 50. e5+ Kxf5 51. Rxg5+ Ke6 52. Bh3+ Ke7 53. Rg7+ Kd8 54. Bg5+ Ke8 55. Re7+ Kf8 56. Bg2 Qg1+ 57. Kh3 Bg4# 0-1


[Site "https://www.chess.com"]

[Event "Titled Tuesday Blitz June 27 Early 2023"]
[White "Gyulamiryan-koryun"]
[Black "LangesNasenhaar"]
[WhiteElo "2092"]
[BlackElo "2460"]
[Result "0-1"]
[Round "10"]
[TimeControl "180+2"]
[Date "2023.06.27"]
[WhiteClock "0:00:05"]
[BlackClock "0:00:07"]
[Board "97"]

1. e4 g6 2. d4 Bg7 3. c4 d6 4. Nc3 a6 5. Nf3 c6 6. a4 a5 7. Be3 Na6 8. Be2 e5 9. dxe5 dxe5 10. Qxd8+ Kxd8 11. Bb6+ Ke8 12. O-O-O Bg4 13. h3 Bxf3 14. Bxf3 Nb4 15. Bg4 Nf6 16. Rd2 h5 17. Be2 Bh6 18. Be3 Bxe3 19. fxe3 Ke7 20. Rhd1 Rad8 21. Rxd8 Rxd8 22. Rxd8 Kxd8 23. g4 h4 24. Kd2 Na6 25. Bd3 Nc5 26. Bc2 Nh7 27. Nd1 Ng5 28. Nf2 Kc7 29. Kc3 Na6 30. Bb1 Kd6 31. Bc2 f6 32. Bb1 Nc5 33. Bc2 Nge6 34. Bb1 Na6 35. Bc2 Nb4 36. Bb1 Ng5 37. Kd2 Kc5 38. Kc3 Nf3 39. b3 Kd6 40. Bd3 Nxd3 41. Kxd3 Kc5 42. Ke2 Ng5 43. Nd3+ Kd6 44. Nf2 b5 45. Kd3 Kc5 46. Kc3 bxa4 47. bxa4 Nf7 48. Nd3+ Kb6 49. c5+ Kc7 50. Kc4 Ng5 51. Nf2 Kd7 52. Kd3 Ke6 53. Kc4 f5 54. exf5+ gxf5 55. Kd3 fxg4 56. Nxg4 Nxh3 57. Ke4 Ng5+ 58. Kd3 Kd5 59. e4+ Kxc5 60. Nxe5 h3 61. Ng4 Kb4 62. Ke3 Kxa4 63. Kf4 Nf7 64. e5 Nxe5 65. Kxe5 Kb3 66. Kd6 a4 67. Kxc6 a3 68. Nh2 a2 69. Ng4 a1=Q 70. Nh2 Qc3+ 0-1


[Site "https://www.chess.com"]

[Event "Titled Tuesday Blitz June 27 Early 2023"]
[White "le-castor-faineant"]
[Black "Skliarov, Viktor"]
[BlackFideId "14106736"]
[WhiteElo "2175"]
[BlackElo "2545"]
[Result "0-1"]
[Round "10"]
[TimeControl "180+2"]
[Date "2023.06.27"]
[WhiteClock "0:02:08"]
[BlackClock "0:02:07"]
[Board "98"]

1. e4 c5 2. Nf3 Nc6 3. c3 Nf6 4. Bd3 d5 5. e5 Nd7 6. Qe2 c4 7. Bc2 e6 8. d4 cxd3 9. Bxd3 Qc7 10. Bf4 f6 11. exf6 Qxf4 12. Qxe6+ Kd8 13. f7 Nf6 14. Qe2 Qc1+ 15. Qd1 Qxd1+ 16. Kxd1 Bg4 17. Nd2 Bc5 0-1


[Site "https://www.chess.com"]

[Event "Titled Tuesday Blitz June 27 Early 2023"]
[White "Buscar, Michael"]
[Black "Perez, Maximiliano"]
[WhiteFideId "2603616"]
[BlackFideId "117234"]
[WhiteElo "2388"]
[BlackElo "2532"]
[Result "0-1"]
[Round "10"]
[TimeControl "180+2"]
[Date "2023.06.27"]
[WhiteClock "0:01:42"]
[BlackClock "0:02:22"]
[Board "99"]

1. d4 Nf6 2. c4 e6 3. Nc3 Bb4 4. e3 O-O 5. Bd3 c5 6. Nf3 Bxc3+ 7. bxc3 Nc6 8. O-O d6 9. e4 e5 10. Bg5 h6 11. Bh4 Bg4 12. h3 Bxf3 13. Qxf3 g5 14. Bg3 cxd4 15. cxd4 Nxd4 16. Qd1 Nd7 17. Qh5 Kg7 18. Rfb1 b6 19. Be2 Nf6 0-1


[Site "https://www.chess.com"]

[Event "Titled Tuesday Blitz June 27 Early 2023"]
[White "Rodchenkov, Sergey D."]
[Black "Barbot, Pierre"]
[WhiteFideId "4168712"]
[BlackFideId "663727"]
[WhiteElo "2524"]
[BlackElo "2382"]
[Result "1-0"]
[Round "10"]
[TimeControl "180+2"]
[Date "2023.06.27"]
[WhiteClock "0:01:10"]
[BlackClock "0:00:00"]
[Board "100"]

1. e4 c6 2. d4 d5 3. exd5 cxd5 4. Bd3 Nc6 5. c3 e6 6. Nf3 f6 7. c4 Nge7 8. O-O g5 9. Nc3 h5 10. cxd5 exd5 11. Nxg5 fxg5 12. Bxg5 Be6 13. Re1 Qd7 14. Bg6+ Nxg6 15. Qd3 Nge7 16. Qe3 Bf7 17. Qf4 a6 18. Na4 Rd8 19. Re2 Qd6 20. Qh4 Rg8 21. Rae1 Rd7 22. Nb6 Rc7 23. Bf4 Qd8 24. Bxc7 Qxc7 25. Na4 b6 26. Nc3 Qd6 27. f4 Kd8 28. f5 Kd7 29. Re6 Nxf5 30. Rxd6+ Kxd6 31. Qf6+ Kc7 32. Qxf5 Bd6 33. Qxf7+ 1-0


[Site "https://www.chess.com"]

[Event "Titled Tuesday Blitz June 27 Early 2023"]
[White "Fernandez Siles, Luis"]
[Black "Lehtosaari, Mauri"]
[WhiteFideId "2209420"]
[BlackFideId "501999"]
[WhiteElo "2367"]
[BlackElo "2487"]
[Result "0-1"]
[Round "10"]
[TimeControl "180+2"]
[Date "2023.06.27"]
[WhiteClock "0:00:04"]
[BlackClock "0:00:14"]
[Board "101"]

1. e4 c5 2. Nf3 e6 3. d4 cxd4 4. Nxd4 Qb6 5. Nc3 Bc5 6. Na4 Qa5+ 7. c3 Bxd4 8. Qxd4 Nf6 9. Nc5 Nc6 10. Qe3 b6 11. Nb3 Qa4 12. Nd4 Nxd4 13. cxd4 Qb4+ 14. Bd2 Qxb2 15. Bc3 Qa3 16. Bc4 Nxe4 17. Rc1 Nxc3 18. Rxc3 Qd6 19. Bd3 Bb7 20. Qh3 Qxd4 21. Rc1 Qe5+ 22. Kf1 Bc6 23. Qh4 h6 24. g4 0-1


[Site "https://www.chess.com"]

[Event "Titled Tuesday Blitz June 27 Early 2023"]
[White "Tarasova, Viktoriya"]
[Black "Estrada Nieto, Julian"]
[WhiteFideId "4175840"]
[BlackFideId "5101018"]
[WhiteElo "2361"]
[BlackElo "2486"]
[Result "0-1"]
[Round "10"]
[TimeControl "180+2"]
[Date "2023.06.27"]
[WhiteClock "0:00:05"]
[BlackClock "0:00:07"]
[Board "102"]

1. d4 d5 2. c4 dxc4 3. e4 e5 4. Nf3 exd4 5. Bxc4 Nc6 6. O-O Be6 7. Bb5 Bc5 8. a3 Nf6 9. b4 Bb6 10. Re1 O-O 11. Bb2 Bg4 12. Nbd2 Re8 13. h3 Bxf3 14. Qxf3 Ne5 15. Qg3 c6 16. Bf1 Bc7 17. f4 Nh5 18. Qb3 Nxf4 19. Nc4 Qg5 20. Kh1 Rad8 21. Rad1 d3 22. Nxe5 Bxe5 23. Bxe5 Rxe5 24. Qc3 Rde8 25. Qd4 h5 26. Qxa7 R5e7 27. Qf2 h4 28. Qf3 Qg3 29. Bxd3 Nxd3 30. Qxd3 Qxd3 31. Rxd3 Rxe4 32. Rxe4 Rxe4 33. Rd7 b5 34. Rc7 Re6 35. Kg1 g5 36. Kf2 Kg7 37. Kf3 Kg6 38. Rc8 f5 39. Rg8+ Kf6 40. Rf8+ Ke5 41. Rg8 Rd6 42. Ke3 f4+ 43. Ke2 Kf5 44. Rf8+ Rf6 45. Rc8 Ke4 46. Rg8 Rf5 47. Rc8 Rf6 48. Rg8 Kf5 49. Rc8 Rd6 50. Rf8+ Ke6 51. Rg8 Kf6 52. Rf8+ Ke7 53. Rg8 Rd5 54. Rg7+ Kd6 55. Rg6+ Kc7 56. Rg7+ Kb6 57. Rg6 Re5+ 58. Kf2 Rd5 59. Ke2 Kc7 60. Rg7+ Kd6 61. Rg6+ Kd7 62. Rg7+ Kd8 63. Rg6 c5 64. bxc5 Rxc5 65. Kf3 Kc7 66. Kg4 Rc3 67. Rxg5 Rxa3 68. Kxf4 b4 69. Rb5 b3 70. Kg4 Kc6 71. Rb8 Kc5 72. Kxh4 Ra4+ 73. Kg3 Rb4 74. Rc8+ Kd4 75. Rc1 b2 76. Rf1 b1=Q 77. Rxb1 Rxb1 78. Kg4 Ke5 79. Kg5 Rg1 80. g4 Ke6 81. Kg6 Rg3 82. g5 Rxh3 83. Kg7 Kf5 84. g6 Rg3 0-1


[Site "https://www.chess.com"]

[Event "Titled Tuesday Blitz June 27 Early 2023"]
[White "Kielinkei"]
[Black "Sovetbekova, Nurai"]
[BlackFideId "13801910"]
[WhiteElo "2469"]
[BlackElo "2353"]
[Result "0-1"]
[Round "10"]
[TimeControl "180+2"]
[Date "2023.06.27"]
[WhiteClock "0:00:00"]
[BlackClock "0:00:34"]
[Board "103"]

1. e4 c5 2. a3 Nc6 3. b4 d5 4. b5 Na5 5. exd5 Qxd5 6. Nc3 Qe5+ 7. Be2 Bg4 8. h3 Bh5 9. f4 Bxe2 10. Ngxe2 Qc7 11. O-O e6 12. d3 Nf6 13. Be3 c4 14. Qe1 Be7 15. Qf2 O-O 16. a4 cxd3 17. cxd3 Rfd8 18. Rfd1 Nb3 19. Rab1 Nc5 20. d4 Nce4 21. Nxe4 Nxe4 22. Qf3 Nc3 23. Rbc1 Nxe2+ 24. Qxe2 Qd6 25. Qc4 Bf6 26. Qc5 Qd7 27. Qc7 Qd5 28. Qc5 Qe4 29. Rc3 h6 30. Qc4 Rd7 31. a5 Rad8 32. Rcd3 e5 33. fxe5 Bxe5 34. Kh1 Bb8 35. Qc5 Rd5 36. Qc2 Rh5 37. Kg1 Qd5 38. Qf2 Qd6 0-1


[Site "https://www.chess.com"]

[Event "Titled Tuesday Blitz June 27 Early 2023"]
[White "Adireddy Arjun"]
[Black "Tikhonov, Viacheslav"]
[WhiteFideId "25647709"]
[BlackFideId "44196407"]
[WhiteElo "2337"]
[BlackElo "2463"]
[Result "1/2-1/2"]
[Round "10"]
[TimeControl "180+2"]
[Date "2023.06.27"]
[WhiteClock "0:00:05"]
[BlackClock "0:00:06"]
[Board "104"]

1. e4 c6 2. d4 d5 3. Nc3 dxe4 4. Nxe4 Nf6 5. Nxf6+ exf6 6. c3 Bd6 7. Bd3 Na6 8. Bxa6 bxa6 9. Ne2 O-O 10. Qd3 Re8 11. O-O c5 12. d5 Rb8 13. b3 a5 14. Be3 a4 15. bxa4 Qa5 16. c4 Qxa4 17. Nc3 Qa3 18. Bc1 Qa6 19. Be3 Bd7 20. a4 Rb4 21. Nb5 Be5 22. Bxc5 Bxa1 23. Bxb4 Qxa4 24. Bc5 Rc8 25. Be3 Rxc4 26. Nxa7 Bd4 27. Nc6 Bxe3 28. Ne7+ Kf8 29. Qxe3 Re4 30. Qc5 Qb4 31. Ng6+ Ke8 32. Qxb4 Rxb4 33. Re1+ Kd8 34. Nf8 Bf5 35. f3 Rd4 36. g4 Bg6 37. h4 Rxd5 38. Nxg6 fxg6 39. Kg2 Re5 40. Rf1 Ke7 41. Kg3 Ra5 42. Rc1 Rd5 43. Re1+ Re5 44. Rb1 Kf7 45. Rb7+ Re7 46. Rb6 h6 47. Rc6 Kg8 48. Rb6 Kh7 49. Rc6 Re5 50. Rc7 h5 51. Rb7 Rc5 52. Ra7 Kh6 53. Ra8 Kh7 54. Ra7 hxg4 55. fxg4 Rc3+ 56. Kf4 Rc4+ 57. Kg3 Rb4 58. Ra6 f5 59. g5 Rg4+ 60. Kh3 Rg1 61. Ra4 Kg8 62. Ra8+ Kf7 63. Ra7+ Kf8 64. Ra8+ Kf7 65. Ra7+ Kg8 66. Ra8+ Kh7 67. Ra4 Re1 68. Kg3 Re3+ 69. Kf4 Rh3 70. Ke5 Rh1 71. Rb4 Re1+ 72. Kf4 Rg1 73. Kf3 Rh1 74. Kg3 Rd1 75. Kf4 Rd3 76. Ke5 Rh3 77. Ra4 Kg8 78. Ra8+ Kf7 79. Ra7+ Kf8 80. Ra8+ Kf7 81. Ra7+ Kg8 82. Ra8+ Kh7 83. Ra4 1/2-1/2


[Site "https://www.chess.com"]

[Event "Titled Tuesday Blitz June 27 Early 2023"]
[White "Alvarado Diaz, Alejandro"]
[Black "Bueno, Alfeu Junior Varela"]
[WhiteFideId "2276119"]
[BlackFideId "2108879"]
[WhiteElo "2441"]
[BlackElo "2322"]
[Result "0-1"]
[Round "10"]
[TimeControl "180+2"]
[Date "2023.06.27"]
[WhiteClock "0:01:04"]
[BlackClock "0:02:01"]
[Board "105"]

1. d4 e6 2. c4 f5 3. g3 Nf6 4. Bg2 Be7 5. Nh3 O-O 6. O-O d6 7. Nc3 e5 8. e4 exd4 9. Qxd4 Nc6 10. Qd1 fxe4 11. Nxe4 Nxe4 12. Qd5+ Kh8 13. Qxe4 Bf5 14. Qe1 Bd3 15. Nf4 Bxf1 16. Ne6 Qc8 17. Nxf8 Bxg2 18. Nxh7 Qh3 19. Ng5 Bxg5 20. Bxg5 Ne5 0-1


[Site "https://www.chess.com"]

[Event "Titled Tuesday Blitz June 27 Early 2023"]
[White "Vifleemskaia, Svetlana"]
[Black "Pandey Srishti"]
[WhiteFideId "4129490"]
[BlackFideId "35093290"]
[WhiteElo "2328"]
[BlackElo "2440"]
[Result "0-1"]
[Round "10"]
[TimeControl "180+2"]
[Date "2023.06.27"]
[WhiteClock "0:00:00"]
[BlackClock "0:01:04"]
[Board "106"]

1. d4 Nf6 2. c4 g6 3. Nc3 Bg7 4. e4 d6 5. Nge2 O-O 6. Ng3 e5 7. d5 a5 8. Be2 Na6 9. h4 Nd7 10. h5 Ndc5 11. Be3 c6 12. Qd2 cxd5 13. cxd5 a4 14. Bh6 Bxh6 15. Qxh6 Qe7 16. Nb5 Nb4 17. O-O Bd7 18. a3 Nbd3 19. Bxd3 Nxd3 20. Nc3 Nf4 21. hxg6 fxg6 22. Nge2 Bg4 23. f3 Bh5 24. Ng3 b5 25. Nxh5 Nxh5 26. Qe3 Rab8 27. Kf2 Qh4+ 0-1


[Site "https://www.chess.com"]

[Event "Titled Tuesday Blitz June 27 Early 2023"]
[White "FuenfgegenWilly"]
[Black "KorolDimitriy75"]
[WhiteElo "2397"]
[BlackElo "2425"]
[Result "0-1"]
[Round "10"]
[TimeControl "180+2"]
[Date "2023.06.27"]
[WhiteClock "0:00:52"]
[BlackClock "0:00:02"]
[Board "107"]

1. d4 Nf6 2. c4 c5 3. d5 b5 4. Qc2 bxc4 5. e4 d6 6. Nf3 Nbd7 7. Bxc4 g6 8. h3 Bg7 9. O-O O-O 10. Nc3 Nb6 11. Nd2 Nxc4 12. Nxc4 Ba6 13. Qa4 Bxc4 14. Qxc4 Rb8 15. Re1 Nd7 16. Qa6 Qc7 17. Bg5 Rxb2 18. Nb5 Qb6 19. Qxb6 axb6 20. Rab1 Rxb1 21. Rxb1 Bf6 22. Bc1 Ra8 23. a3 Ra4 24. f3 Ne5 25. Nc7 Nc4 26. Kf2 h5 27. Kg3 Nxa3 28. Bxa3 Rxa3 29. Rxb6 c4 30. Rc6 c3 31. Nb5 Rb3 32. Nc7 h4+ 33. Kf4 Rb2 34. Ne8 Be5+ 35. Kg4 Rxg2+ 36. Kxh4 Kh7 37. f4 Bxf4 38. Nf6+ exf6 0-1


[Site "https://www.chess.com"]

[Event "Titled Tuesday Blitz June 27 Early 2023"]
[White "Grossboss19"]
[Black "Tuleyeva-Aketayeva, Dana"]
[BlackFideId "13701932"]
[WhiteElo "2404"]
[BlackElo "2235"]
[Result "1-0"]
[Round "10"]
[TimeControl "180+2"]
[Date "2023.06.27"]
[WhiteClock "0:00:38"]
[BlackClock "0:00:00"]
[Board "108"]

1. d4 Nf6 2. c4 e6 3. e3 Bb4+ 4. Bd2 Qe7 5. a3 Bxd2+ 6. Nxd2 O-O 7. Bd3 b6 8. Ngf3 Bb7 9. O-O d6 10. b4 Nbd7 11. Nb3 e5 12. Nfd2 e4 13. Be2 Qe6 14. a4 Qf5 15. a5 a6 16. f3 exf3 17. Bxf3 Bxf3 18. Qxf3 Qxf3 19. gxf3 d5 20. c5 b5 21. c6 Nb8 22. Rac1 Re8 23. Kf2 Re6 24. Rc5 Nxc6 25. e4 Nxb4 26. e5 Nd3+ 27. Kg2 Nxc5 28. Nxc5 Rc6 29. exf6 gxf6 30. Re1 Kf8 31. Nb1 b4 32. Re3 Kg7 33. Rb3 Re8 34. Rxb4 Re2+ 35. Kg3 f5 36. Nc3 Rg6+ 37. Kf4 Rxh2 38. Nxd5 Rh4+ 39. Ke3 Rg3 40. Nd3 Rhh3 41. Ne1 Rg1 42. Kf2 Rhh1 43. Rb1 Rf1+ 44. Ke2 h5 45. Ne3 Rfg1 46. Kf2 f4 47. N3g2 Rf1+ 48. Ke2 h4 49. Nxf4 Rfg1 50. Kf2 Rf1+ 51. Ke2 Rfg1 52. Nfd3 h3 53. Nf2 Rh2 54. Ke3 Rhg2 55. Nxh3 1-0


[Site "https://www.chess.com"]

[Event "Titled Tuesday Blitz June 27 Early 2023"]
[White "Topalov, Aleksandar"]
[Black "Luxama, Jacques Muller"]
[WhiteFideId "925659"]
[BlackFideId "11900113"]
[WhiteElo "2403"]
[BlackElo "2219"]
[Result "0-1"]
[Round "10"]
[TimeControl "180+2"]
[Date "2023.06.27"]
[WhiteClock "0:01:54"]
[BlackClock "0:02:28"]
[Board "109"]

1. b3 e5 2. Bb2 Nc6 3. c4 Nf6 4. e3 d5 5. cxd5 Nxd5 6. a3 a6 7. Qc2 Be7 8. Nf3 Bf6 9. d3 O-O 10. Nbd2 Re8 11. Ne4 Be7 12. Nxe5 Nxe5 13. Bxe5 Bxa3 14. Bxg7 Bb4+ 15. Bc3 Rxe4 16. dxe4 Bxc3+ 17. Ke2 Bxa1 18. exd5 Qxd5 19. Qxc7 Bf5 0-1


[Site "https://www.chess.com"]

[Event "Titled Tuesday Blitz June 27 Early 2023"]
[White "Ishowmoves57"]
[Black "Clawitter, Craig"]
[BlackFideId "2023105"]
[WhiteElo "2108"]
[BlackElo "2235"]
[Result "0-1"]
[Round "10"]
[TimeControl "180+2"]
[Date "2023.06.27"]
[WhiteClock "0:00:20"]
[BlackClock "0:00:20"]
[Board "110"]

1. e4 e6 2. d4 d5 3. exd5 exd5 4. Bd3 Bd6 5. Nf3 Nc6 6. h3 Nge7 7. c3 Bf5 8. O-O f6 9. Qc2 Qd7 10. b4 O-O 11. a4 Rae8 12. Nbd2 Nd8 13. Nb3 Bxd3 14. Qxd3 c6 15. Nc5 Qf5 16. Bd2 b6 17. Qxf5 Nxf5 18. Nd3 Bc7 19. Rfe1 Nd6 20. Bf4 Ne6 21. Bg3 Kf7 22. Nd2 Re7 23. Nf4 Rfe8 24. Nxe6 Rxe6 25. Kf1 Rxe1+ 26. Rxe1 Rxe1+ 27. Kxe1 Ne8 28. Bxc7 Nxc7 29. Ke2 Ne8 30. Kd3 Nd6 31. c4 dxc4+ 32. Nxc4 Nxc4 33. Kxc4 Ke6 34. b5 Kd6 35. f4 g6 36. g3 f5 37. h4 h6 38. Kc3 Kd5 39. Kd3 c5 40. dxc5 Kxc5 41. Kc3 h5 42. Kb3 Kd4 43. Kb4 Ke3 44. a5 Kf3 45. axb6 axb6 46. Kc4 Kxg3 47. Kd5 Kxf4 48. Kc6 Kg4 49. Kxb6 f4 50. Ka7 f3 51. b6 f2 52. b7 f1=Q 53. b8=Q Qa1+ 54. Kb7 Qb2+ 55. Kc7 Qxb8+ 56. Kxb8 Kxh4 57. Kc7 g5 58. Kd6 g4 59. Ke5 g3 60. Ke4 g2 61. Ke3 g1=Q+ 62. Ke2 Qg4+ 63. Kd3 Kg5 64. Kc3 h4 65. Kb3 h3 66. Kb2 h2 67. Kb3 h1=Q 68. Kb2 Qh2+ 69. Kb3 Qhh3+ 70. Kb2 Qgg2+ 0-1


[Site "https://www.chess.com"]

[Event "Titled Tuesday Blitz June 27 Early 2023"]
[White "Bilan, Danila"]
[Black "Alexanian, Nelli"]
[WhiteFideId "24161918"]
[BlackFideId "4170539"]
[WhiteElo "2506"]
[BlackElo "1988"]
[Result "1-0"]
[Round "10"]
[TimeControl "180+2"]
[Date "2023.06.27"]
[WhiteClock "0:00:02"]
[BlackClock "0:00:00"]
[Board "111"]

1. d4 Nf6 2. Nf3 g6 3. Bg5 c5 4. c3 Qb6 5. Qc1 Ne4 6. Bh4 Nc6 7. e3 d5 8. Nbd2 Bf5 9. Be2 cxd4 10. Nxd4 Nxd4 11. exd4 Bh6 12. Nc4 dxc4 13. Qxh6 Qxb2 14. Rc1 Nxc3 15. Bxc4 b5 16. Qe3 O-O 17. Rxc3 bxc4 18. O-O Bd3 19. Rfc1 Qe2 20. Qxe2 Bxe2 21. Bxe7 Rfe8 22. Bc5 a6 23. Re3 Bd3 24. d5 Rec8 25. Bb4 a5 26. Bc3 Rd8 27. Rce1 Kf8 28. g4 Rxd5 29. h4 Rad8 30. g5 R5d7 31. Bxa5 Bf5 32. Bxd8 Rxd8 33. Rc1 Bd3 34. Re5 Bf5 35. Ra1 c3 36. Rc5 c2 37. Re1 Rd1 38. Kf1 1-0


[Site "https://www.chess.com"]

[Event "Titled Tuesday Blitz June 27 Early 2023"]
[White "Thecourseoisildur"]
[Black "Biriukov, Ilja"]
[BlackFideId "4113373"]
[WhiteElo "2479"]
[BlackElo "2286"]
[Result "1-0"]
[Round "10"]
[TimeControl "180+2"]
[Date "2023.06.27"]
[WhiteClock "0:02:26"]
[BlackClock "0:00:51"]
[Board "112"]

1. e4 c5 2. Nf3 d6 3. d4 cxd4 4. Nxd4 Nf6 5. Nc3 a6 6. Be2 e5 7. Nb3 Be6 8. O-O Nbd7 9. Qd3 Be7 10. Bd2 Qc7 11. Nd5 Bxd5 12. exd5 O-O 13. Rac1 Rac8 14. c4 b6 15. Be3 Nc5 16. Nxc5 bxc5 17. g4 Rb8 18. b3 a5 19. g5 Nd7 20. h4 a4 21. Bg4 axb3 22. axb3 Rb7 23. h5 g6 24. hxg6 hxg6 25. f4 exf4 26. Bxf4 Rfb8 27. Be6 Rf8 28. Qxg6+ 1-0


[Site "https://www.chess.com"]

[Event "Titled Tuesday Blitz June 27 Early 2023"]
[White "Zampronha, Wladimir Camilo"]
[Black "Omariev, Maksim"]
[WhiteFideId "2103087"]
[BlackFideId "4193423"]
[WhiteElo "2258"]
[BlackElo "2415"]
[Result "1-0"]
[Round "10"]
[TimeControl "180+2"]
[Date "2023.06.27"]
[WhiteClock "0:00:07"]
[BlackClock "0:00:00"]
[Board "113"]

1. e4 c5 2. Nf3 d6 3. d4 cxd4 4. Nxd4 Nf6 5. Nc3 a6 6. Bg5 Nbd7 7. f4 Qc7 8. Qf3 h6 9. Bxf6 Nxf6 10. f5 g5 11. h4 g4 12. Qd3 b5 13. O-O-O Bb7 14. Nde2 Bg7 15. Kb1 O-O-O 16. Nf4 Kb8 17. Ncd5 Nxd5 18. Nxd5 Qd7 19. h5 Be5 20. Be2 Rhg8 21. Ne3 g3 22. Bf3 e6 23. c4 Qc6 24. Rc1 Qb6 25. cxb5 axb5 26. Rc2 Rc8 27. Rhc1 Rxc2 28. Rxc2 Rc8 29. Rxc8+ Bxc8 30. a3 Bf4 31. Nc2 Qc5 32. fxe6 fxe6 33. Nb4 Bb7 34. Qb3 Qc4 35. Qxc4 bxc4 36. Kc2 Kc7 37. Kc3 Be5+ 38. Kxc4 Bxb2 39. a4 Kb6 40. Nd3 Bf6 41. Nf4 Bc8 42. Bg4 1-0


[Site "https://www.chess.com"]

[Event "Titled Tuesday Blitz June 27 Early 2023"]
[White "Szente Varga, Fruzsina"]
[Black "Larina, Maria"]
[WhiteFideId "712264"]
[BlackFideId "24113182"]
[WhiteElo "2346"]
[BlackElo "2205"]
[Result "1-0"]
[Round "10"]
[TimeControl "180+2"]
[Date "2023.06.27"]
[WhiteClock "0:00:07"]
[BlackClock "0:00:00"]
[Board "114"]

1. e4 c6 2. d4 d5 3. Nc3 dxe4 4. Nxe4 Nf6 5. Nxf6+ exf6 6. c3 Bd6 7. Bd3 O-O 8. Ne2 Re8 9. O-O Bg4 10. Qc2 g6 11. h3 Be6 12. Ng3 f5 13. Bd2 Nd7 14. b3 Qc7 15. Kh2 h5 16. f4 h4 17. Ne2 Nf6 18. Rae1 Nh5 19. Qc1 b5 20. Rf3 a6 21. g3 hxg3+ 22. Nxg3 Nf6 23. Rg1 Kf8 24. c4 bxc4 25. bxc4 c5 26. d5 Nxd5 27. cxd5 Bxd5 28. Rff1 Rac8 29. Qc3 Ke7 30. Re1+ Kd7 31. Bxa6 Rb8 32. a4 Bc6 33. Qc4 Rf8 34. Bc3 Bxf4 35. Rd1+ Bd6 36. Be5 Rb4 37. Qc3 1-0


[Site "https://www.chess.com"]

[Event "Titled Tuesday Blitz June 27 Early 2023"]
[White "Osinovsky, Stepan"]
[Black "Samarth J Rao"]
[WhiteFideId "4157354"]
[BlackFideId "46652370"]
[WhiteElo "2311"]
[BlackElo "2204"]
[Result "0-1"]
[Round "10"]
[TimeControl "180+2"]
[Date "2023.06.27"]
[WhiteClock "0:00:00"]
[BlackClock "0:01:43"]
[Board "115"]

1. Nf3 Nf6 2. g3 d5 3. Bg2 Bf5 4. O-O e6 5. d3 c5 6. Nbd2 Nc6 7. c4 Qc7 8. a3 Rd8 9. Qa4 Be7 10. b4 cxb4 11. Nd4 O-O 12. Nxf5 exf5 13. axb4 Bxb4 14. Qb3 a5 15. e3 d4 16. Nf3 Ng4 17. exd4 Nxd4 18. Nxd4 Rxd4 19. Bb2 Rd7 20. d4 b6 21. Rac1 f4 22. Qf3 Nf6 23. Qxf4 Qxf4 24. gxf4 Bd2 25. Rb1 Bxf4 26. Rfd1 Rc8 0-1


[Site "https://www.chess.com"]

[Event "Titled Tuesday Blitz June 27 Early 2023"]
[White "Ho, In Hei Henry"]
[Black "Vaglio Munoz, Jaime"]
[WhiteFideId "6002552"]
[BlackFideId "6500145"]
[WhiteElo "2037"]
[BlackElo "2301"]
[Result "1-0"]
[Round "10"]
[TimeControl "180+2"]
[Date "2023.06.27"]
[WhiteClock "0:00:12"]
[BlackClock "0:00:17"]
[Board "116"]

1. d4 c6 2. c4 b5 3. b3 d5 4. e3 bxc4 5. bxc4 Nf6 6. Nf3 Bg4 7. Nc3 Bxf3 8. Qxf3 e6 9. c5 Nbd7 10. Bd3 e5 11. Bf5 e4 12. Qh3 g6 13. Bxd7+ Qxd7 14. Qxd7+ Nxd7 15. Bd2 Rb8 16. Ke2 Be7 17. Rhb1 O-O 18. f3 f5 19. Na4 Kf7 20. Ba5 Ke6 21. Bc7 Rbc8 22. Rb7 Ra8 23. Rab1 Rfc8 24. Bg3 g5 25. Nc3 h5 26. h3 Bd8 27. fxe4 fxe4 28. Rf1 Ba5 29. Nd1 Rf8 30. Bd6 Rxf1 31. Kxf1 Nf6 32. Nf2 g4 33. hxg4 hxg4 34. Nh1 Bd2 35. Ng3 Nd7 36. Ke2 Ba5 37. Nh5 Rd8 38. Nf4+ Kf5 39. Rxa7 g3 40. Rxa5 Rh8 41. Ra7 Nf6 42. Rf7 Kg5 43. Be7 Rh1 44. Rxf6 Kg4 45. Rg6+ Kf5 46. Rg5# 1-0


[Site "https://www.chess.com"]

[Event "Titled Tuesday Blitz June 27 Early 2023"]
[White "kuanysh1981"]
[Black "Georg, Heinz"]
[BlackFideId "4607295"]
[WhiteElo "2493"]
[BlackElo "2271"]
[Result "1-0"]
[Round "10"]
[TimeControl "180+2"]
[Date "2023.06.27"]
[WhiteClock "0:00:43"]
[BlackClock "0:00:00"]
[Board "117"]

1. e4 e5 2. Nf3 Nc6 3. Bc4 Nf6 4. d3 d5 5. exd5 Nxd5 6. O-O Nb6 7. Bb3 Bd6 8. Nc3 O-O 9. Ng5 h6 10. Qh5 hxg5 11. Bxg5 Be7 12. Ne4 Bf5 13. Bxe7 Nxe7 14. f4 Bg6 15. Qg5 Qd4+ 16. Kh1 Bxe4 17. dxe4 Rae8 18. f5 Qxe4 19. Rae1 Qxe1 20. Rxe1 Ned5 21. h3 c5 22. Bxd5 Nxd5 23. c3 f6 24. Qd2 Rd8 25. Qf2 b6 26. Rd1 Nf4 27. Rxd8 Rxd8 28. Qf3 Rd7 29. b4 cxb4 30. cxb4 Kf7 31. a4 Nd5 32. Qb3 Ke7 33. Qc4 Kd6 34. b5 Rc7 35. Qg4 Ne3 36. Qb4+ Rc5 37. Qd2+ Nd5 38. Qd3 Rc3 39. Qe4 Re3 40. Qg4 Nf4 41. Qxg7 Re1+ 42. Kh2 e4 43. Qxf6+ Kd5 44. Qc6+ Kd4 45. f6 e3 46. f7 e2 47. Qd6+ Nd5 48. f8=Q Rf1 49. Qg7+ Kc4 50. Qg4+ 1-0


[Site "https://www.chess.com"]